SA
KENNESAW JETS @ MANCELONA TORCH
06/03/2026
 
TOP OF THE 1ST
Kennesaw Jets batting - Pitching for Mancelona Torch : RHP Tomás Vargas
Pitching: RHP Tomás Vargas
Batting: RHB Raúl Francisco 0-0: Foul Ball, location: 2F
0-1: Fly out, F5 (Popup, 5L)
Batting: RHB Bartolo Rosas 0-0: Ball
1-0: Ball
2-0: Ball
3-0: Base on Balls
Batting: RHB José Leyva 0-0: Swinging Strike
0-1: Ball
1-1: Ball
2-1: Ball
3-1: Foul Ball, location: 2F
3-2: Foul Ball, location: 2F
3-2: Fly out, F8 (Flyball, 78D)
Batting: LHB Pedro Corona 0-0: Ball
1-0: Foul Ball, location: 2F
1-1: Ball
2-1: Ball
3-1: Foul Ball, location: 2F
3-2: Strikes out looking
Top of the 1st over - 0 run(s), 0 hit(s), 0 error(s), 1 left on base; Kennesaw 0 - Mancelona 0
BOTTOM OF THE 1ST
Mancelona Torch batting - Pitching for Kennesaw Jets : RHP Roger Murdock
Pitching: RHP Roger Murdock
Batting: RHB José Córdova 0-0: SINGLE (Flyball, 78S)
Batting: RHB Blake Snow 0-0: Grounds into double play, 6-4-3 (Groundball, 6)
Batting: RHB Todd Sentell 0-0: Called Strike
0-1: Ball
1-1: Ball
2-1: Swinging Strike
2-2: SINGLE (Line Drive, 7LS)
Batting: LHB José Valéncia 0-0: Called Strike
0-1: Foul Ball, location: 2F
0-2: Fly out, F3 (Line Drive, 3)
Bottom of the 1st over - 0 run(s), 2 hit(s), 0 error(s), 1 left on base; Kennesaw 0 - Mancelona 0
TOP OF THE 2ND
Kennesaw Jets batting - Pitching for Mancelona Torch : RHP Tomás Vargas
Batting: RHB Carlos Deleón 0-0: Swinging Strike
0-1: Foul Ball, location: 2F
0-2: Ground out 6-3 (Groundball, 56)
Batting: SHB Pat Sargent 0-0: Ball
1-0: Foul Ball, location: 2F
1-1: Ball
2-1: Foul Ball, location: 2F
2-2: Strikes out looking
Batting: SHB Pedro Ortega 0-0: Called Strike
0-1: Foul Ball, location: 2F
0-2: Ball
1-2: Strikes out swinging
Top of the 2nd over - 0 run(s), 0 hit(s), 0 error(s), 0 left on base; Kennesaw 0 - Mancelona 0
BOTTOM OF THE 2ND
Mancelona Torch batting - Pitching for Kennesaw Jets : RHP Roger Murdock
Batting: RHB Armando Pacheco 0-0: SINGLE (Groundball, 34S) (infield hit)
Batting: RHB Juan Hernández 0-0: TRIPLE (Flyball, 8RD)
Armando Pacheco scores
Batting: SHB Tony Walsh 0-0: Ground out 6-3 (Groundball, 6M)
Juan Hernández scores
Batting: RHB Kyle Vandenbrink 0-0: Ball
1-0: Fly out, F9 (Flyball, 9LSF)
Batting: LHB Yataro Matsuura 0-0: Ball
1-0: SINGLE (Line Drive, 7LS)
Batting: RHB José Córdova 0-0: Called Strike
0-1: Called Strike
0-2: Strikes out looking
Bottom of the 2nd over - 2 run(s), 3 hit(s), 0 error(s), 1 left on base; Kennesaw 0 - Mancelona 2
TOP OF THE 3RD
Kennesaw Jets batting - Pitching for Mancelona Torch : RHP Tomás Vargas
Batting: RHB Gerardo Maldonado 0-0: Ball
1-0: Foul Ball, location: 2F
1-1: Foul Ball, location: 2F
1-2: Foul Ball, location: 2F
1-2: Ball
2-2: Foul Ball, location: 2F
2-2: Strikes out swinging
Batting: LHB Manuel Márquez 0-0: Called Strike
0-1: Fly out, F3 (Line Drive, 3S)
Batting: RHB Raúl Francisco 0-0: Foul Ball, location: 2F
0-1: Swinging Strike
0-2: Ball
1-2: Strikes out swinging
Top of the 3rd over - 0 run(s), 0 hit(s), 0 error(s), 0 left on base; Kennesaw 0 - Mancelona 2
BOTTOM OF THE 3RD
Mancelona Torch batting - Pitching for Kennesaw Jets : RHP Roger Murdock
Batting: RHB Blake Snow 0-0: Ball
1-0: Called Strike
1-1: Ball
2-1: Ball
3-1: Fly out, F9 (Flyball, 89M)
Batting: RHB Todd Sentell 0-0: Called Strike
0-1: Ball
1-1: Called Strike
1-2: Strikes out swinging
Batting: LHB José Valéncia 0-0: Swinging Strike
0-1: Swinging Strike
0-2: SINGLE (Groundball, 34D)
Batting: RHB Armando Pacheco 0-0: Ball
1-0: Fielders Choice at 2nd, 5-4 (Groundball, 56D)
Bottom of the 3rd over - 0 run(s), 1 hit(s), 0 error(s), 0 left on base; Kennesaw 0 - Mancelona 2
TOP OF THE 4TH
Kennesaw Jets batting - Pitching for Mancelona Torch : RHP Tomás Vargas
Batting: RHB Bartolo Rosas 0-0: Called Strike
0-1: Foul Ball, location: 2F
0-2: Foul Ball, location: 2F
0-2: Strikes out swinging
Batting: RHB José Leyva 0-0: Ball
1-0: Called Strike
1-1: Foul Ball, location: 2F
1-2: Ball
2-2: Ball
3-2: Fly out, F7 (Flyball, 78S)
Batting: LHB Pedro Corona 0-0: Called Strike
0-1: Foul Ball, location: 2F
0-2: Strikes out swinging
Top of the 4th over - 0 run(s), 0 hit(s), 0 error(s), 0 left on base; Kennesaw 0 - Mancelona 2
BOTTOM OF THE 4TH
Mancelona Torch batting - Pitching for Kennesaw Jets : RHP Roger Murdock
Batting: RHB Juan Hernández 0-0: Called Strike
0-1: Fly out, F9 (Flyball, 89M)
Batting: SHB Tony Walsh 0-0: Ball
1-0: Called Strike
1-1: Fly out, F8 (Flyball, 8RD)
Batting: RHB Kyle Vandenbrink 0-0: Called Strike
0-1: Ball
1-1: Foul Ball, location: 2F
1-2: Foul Ball, location: 2F
1-2: Fly out, F4 (Line Drive, 4)
Bottom of the 4th over - 0 run(s), 0 hit(s), 0 error(s), 0 left on base; Kennesaw 0 - Mancelona 2
TOP OF THE 5TH
Kennesaw Jets batting - Pitching for Mancelona Torch : RHP Tomás Vargas
Batting: RHB Carlos Deleón 0-0: Called Strike
0-1: Ball
1-1: Ball
2-1: Ground out 6-3 (Groundball, 6S)
Batting: SHB Pat Sargent 0-0: Called Strike
0-1: Ball
1-1: Ball
2-1: Called Strike
2-2: Ball
3-2: Base on Balls
Batting: SHB Pedro Ortega 0-0: SINGLE (Line Drive, 9S)
Pat Sargent to second
Batting: RHB Gerardo Maldonado 0-0: Foul Ball, location: 2F
0-1: Ball
1-1: Ball
2-1: Foul Ball, location: 2F
2-2: Grounds into double play, 6-4-3 (Groundball, 6)
Top of the 5th over - 0 run(s), 1 hit(s), 0 error(s), 1 left on base; Kennesaw 0 - Mancelona 2
BOTTOM OF THE 5TH
Mancelona Torch batting - Pitching for Kennesaw Jets : RHP Roger Murdock
Batting: LHB Yataro Matsuura 0-0: Ball
1-0: Ball
2-0: Fly out, F8 (Flyball, 8RM)
Batting: RHB José Córdova 0-0: Called Strike
0-1: Ball
1-1: Fly out, F9 (Flyball, 9LS)
Batting: RHB Blake Snow 0-0: Called Strike
0-1: Foul Ball, location: 2F
0-2: Ball
1-2: Strikes out looking
Bottom of the 5th over - 0 run(s), 0 hit(s), 0 error(s), 0 left on base; Kennesaw 0 - Mancelona 2
TOP OF THE 6TH
Kennesaw Jets batting - Pitching for Mancelona Torch : RHP Tomás Vargas
Batting: LHB Manuel Márquez 0-0: Ball
1-0: Called Strike
1-1: Ground out 6-3 (Groundball, 6S)
Batting: RHB Raúl Francisco 0-0: SINGLE (Groundball, 34) (infield hit)
Batting: RHB Bartolo Rosas 0-0: Foul Ball, location: 2F
0-1: Ball
1-1: Ball
2-1: Fly out, F8 (Flyball, 8LD)
Batting: RHB José Leyva 0-0: Ball
Raúl Francisco steals 2nd base
1-0: Called Strike
1-1: Ball
2-1: Foul Ball, location: 2F
2-2: Foul Ball, location: 2F
2-2: Fly out, F9 (Flyball, 9LS)
Top of the 6th over - 0 run(s), 1 hit(s), 0 error(s), 1 left on base; Kennesaw 0 - Mancelona 2
BOTTOM OF THE 6TH
Mancelona Torch batting - Pitching for Kennesaw Jets : RHP Roger Murdock
Batting: RHB Todd Sentell 0-0: SINGLE (Line Drive, 4M)
Batting: LHB José Valéncia 0-0: Ball
1-0: Called Strike
1-1: Called Strike
1-2: Ground out U3 (Groundball, 3S)
Todd Sentell to second
Batting: RHB Armando Pacheco 0-0: DOUBLE (Line Drive, 89M)
Todd Sentell scores
Batting: RHB Juan Hernández 0-0: Intentional Walk
Batting: SHB Tony Walsh 0-0: Called Strike
0-1: SINGLE (Line Drive, 89S)
Armando Pacheco to third
Juan Hernández to second
Batting: RHB Kyle Vandenbrink 0-0: Ball
1-0: Ball
2-0: Ball
3-0: Called Strike
3-1: Base on Balls
Armando Pacheco scores
Juan Hernández to third
Tony Walsh to second
Batting: LHB Yataro Matsuura 0-0: Hit by Pitch
Juan Hernández scores
Tony Walsh to third
Kyle Vandenbrink to second
Pitching: RHP Luis Torrez
Batting: RHB José Córdova 0-0: Ball
1-0: Foul Ball, location: 2F
1-1: Ball
2-1: Ball
3-1: Fielders Choice at 2nd, 5-4 (Groundball, 5)
Tony Walsh scores
Kyle Vandenbrink to third
Batting: RHB Blake Snow 0-0: Foul Ball, location: 2F
0-1: Ball
1-1: Fly out, F8 (Line Drive, 89M)
Bottom of the 6th over - 4 run(s), 3 hit(s), 0 error(s), 2 left on base; Kennesaw 0 - Mancelona 6
TOP OF THE 7TH
Kennesaw Jets batting - Pitching for Mancelona Torch : RHP Tomás Vargas
Batting: LHB Pedro Corona 0-0: Called Strike
0-1: Ball
1-1: Foul Ball, location: 2F
1-2: Strikes out swinging
Batting: RHB Carlos Deleón 0-0: Called Strike
0-1: Ball
1-1: Ball
2-1: Ball
3-1: Ground out 6-3 (Groundball, 56)
Batting: SHB Pat Sargent 0-0: Called Strike
0-1: Swinging Strike
0-2: Foul Ball, location: 2F
0-2: Ball
1-2: Strikes out swinging
Top of the 7th over - 0 run(s), 0 hit(s), 0 error(s), 0 left on base; Kennesaw 0 - Mancelona 6
BOTTOM OF THE 7TH
Mancelona Torch batting - Pitching for Kennesaw Jets : RHP Luis Torrez
Batting: RHB Todd Sentell 0-0: Foul Ball, location: 2F
0-1: Ball
1-1: Ball
2-1: Swinging Strike
2-2: Foul Ball, location: 2F
2-2: Ground out 5-3 (Groundball, 56S)
Batting: LHB José Valéncia 0-0: Ball
1-0: Ground out U3 (Groundball, 3)
Batting: RHB Armando Pacheco 0-0: SINGLE (Flyball, 8RS)
Batting: RHB Juan Hernández 0-0: Ball
1-0: Called Strike
1-1: Ball
2-1: Foul Ball, location: 2F
2-2: Fielders Choice at 2nd, 6-4 (Groundball, 6)
Bottom of the 7th over - 0 run(s), 1 hit(s), 0 error(s), 0 left on base; Kennesaw 0 - Mancelona 6
TOP OF THE 8TH
Kennesaw Jets batting - Pitching for Mancelona Torch : RHP Tomás Vargas
Batting: SHB Pedro Ortega 0-0: Called Strike
0-1: Ball
1-1: Called Strike
1-2: Strikes out swinging
Batting: RHB Gerardo Maldonado 0-0: Called Strike
0-1: Called Strike
0-2: Ball
1-2: Foul Ball, location: 2F
1-2: Foul Ball, location: 2F
1-2: Foul Ball, location: 2F
1-2: Ball
2-2: Strikes out looking
Batting: LHB Manuel Márquez 0-0: Ball
1-0: Ground out 4-3 (Groundball, 34D)
Top of the 8th over - 0 run(s), 0 hit(s), 0 error(s), 0 left on base; Kennesaw 0 - Mancelona 6
BOTTOM OF THE 8TH
Mancelona Torch batting - Pitching for Kennesaw Jets : RHP Luis Torrez
Batting: SHB Tony Walsh 0-0: Ground out 6-3 (Groundball, 6MS)
Batting: RHB Kyle Vandenbrink 0-0: Ball
1-0: Fly out, F9 (Flyball, 9LM)
Batting: LHB Yataro Matsuura 0-0: Called Strike
0-1: Ground out 5-3 (Groundball, 56S)
Bottom of the 8th over - 0 run(s), 0 hit(s), 0 error(s), 0 left on base; Kennesaw 0 - Mancelona 6
TOP OF THE 9TH
Kennesaw Jets batting - Pitching for Mancelona Torch : RHP Tomás Vargas
Pitching: LHP Ramiro Elizondo
Batting: RHB Raúl Francisco 0-0: Ball
1-0: Swinging Strike
1-1: Swinging Strike
1-2: Strikes out swinging
Batting: RHB Bartolo Rosas 0-0: Called Strike
0-1: Called Strike
0-2: Ball
1-2: Ball
2-2: Strikes out swinging
Batting: RHB José Leyva 0-0: Called Strike
0-1: Ball
1-1: Ball
2-1: Swinging Strike
2-2: Strikes out looking
Top of the 9th over - 0 run(s), 0 hit(s), 0 error(s), 0 left on base; Kennesaw 0 - Mancelona 6
Monday, March 20th, 2017 - OOTP Baseball 17.12 Build 75